 Dungeon Crawl Stone Soup version 0.21-a0-625-g1119ec1 (webtiles) character file.

18 tidbits the Magician (level 2, 10/20 HPs)
             Began as a Gnoll Wanderer on Dec 24, 2017.
             Quit the game on level 2 of the Dungeon.
             The game lasted 00:02:31 (274 turns).

tidbits the Magician (Gnoll Wanderer)                Turns: 274, Time: 00:02:32

Health: 10/20      AC:  2    Str: 18    XL:     2   Next: 66%
Magic:  3/10       EV: 11    Int: 12    God:
Gold:   24         SH:  0    Dex: 12    Spells: 10/15 levels left

rFire    . . .     SeeInvis .   e - +0 club
rCold    . . .     Gourm    .   (no shield)
rNeg     . . .     Faith    .   d - +0 robe
rPois    .         Spirit   .   (no helmet)
rElec    .         Reflect  .   (no cloak)
rCorr    .         Harm     .   (no gloves)
MR       .....                  (no boots)
Stlth    +.........             (no amulet)
HPRegen  0.06/turn              (no ring)
MPRegen  0.12/turn              (no ring)

@: no status effects
A: distributed training, fangs 1, strong nose
a: no special abilities


You were on level 2 of the Dungeon.
You were not hungry.

You visited 1 branch of the dungeon, and saw 3 of its levels.

You collected 24 gold pieces.

Inventory:

Hand Weapons
 e - a +0 club (weapon)
Armour
 d - a +0 robe (worn)
Scrolls
 b - a scroll of teleportation
 g - a scroll of magic mapping {unknown}
 h - 2 scrolls of identify {unknown}
Potions
 c - 3 potions of curing
Books
 a - a book of Minor Magic

   Spells                             Type                      Level
   a - Magic Dart                     Conjuration                  1
   b - Blink                          Translocation                2
   c - Call Imp                       Summoning                    2
   d - Slow                           Hexes                        2
   e - Conjure Flame                  Conjuration/Fire             3
   f - Mephitic Cloud                 Conjuration/Poison/Air       3
Comestibles
 f - 3 rations


   Skills:
 + Level 0.5 Fighting
 + Level 0.5 Short Blades
 + Level 0.5 Long Blades
 + Level 0.5 Axes
 + Level 0.5 Maces & Flails
 + Level 0.5 Polearms
 + Level 0.5 Staves
 + Level 0.5 Slings
 + Level 0.5 Bows
 + Level 0.5 Crossbows
 + Level 0.5 Throwing
 + Level 0.5 Armour
 + Level 0.5 Dodging
 + Level 0.5 Stealth
 + Level 2.5 Shields
 + Level 0.5 Unarmed Combat
 + Level 7.1 Spellcasting
 + Level 3.7 Conjurations
 + Level 0.3 Hexes
 + Level 0.3 Charms
 + Level 0.3 Summonings
 + Level 2.0 Necromancy
 + Level 0.3 Translocations
 + Level 3.7 Transmutations
 + Level 0.3 Fire Magic
 + Level 0.3 Ice Magic
 + Level 0.3 Air Magic
 + Level 0.3 Earth Magic
 + Level 0.3 Poison Magic
 + Level 0.6 Invocations
 + Level 2.5 Evocations


You had 10 spell levels left.
You knew the following spells:

 Your Spells              Type           Power        Failure   Level  Hunger
a - Magic Dart            Conj           ##..         3%          1    None
b - Blink                 Tloc           N/A          22%         2    #......
i - Call Imp              Summ           #.......     22%         2    #......


Dungeon Overview and Level Annotations

Branches:
Dungeon (3/15)

Altars:


Innate Abilities, Weirdness & Mutations

Your experience applies equally to all skills.
You have very sharp teeth.
Your uncanny sense of smell can sniff out nearby items.


Message History

Confirm with . or Enter, or press ? or * to list all spells.
Aiming: Magic Dart
Press: ? - help, Shift-Dir - straight line, f - jackal
Aim: a jackal The magic dart hits the jackal.
The jackal is almost dead.
The jackal barely misses you. x2
You closely miss the jackal. Your bite misses the jackal.
The jackal is almost dead.
The jackal bites you but does no damage. x2
You hit the jackal.
You kill the jackal!
Things that are here:
a jackal corpse x2
There is a stone staircase leading down here.
You climb downwards.
There is a stone staircase leading up here.
A bat comes into view.
Found a leather armour and a hand axe.
The bat hits you but does no damage.
Found an escape hatch in the ceiling.
Casting: Magic Dart
Confirm with . or Enter, or press ? or * to list all spells.
Aiming: Magic Dart
Press: ? - help, Shift-Dir - straight line, f - bat
Aim: a bat The magic dart hits the bat.
You kill the bat!
A rat comes into view.
Found 22 arrows.
Things that are here:
a leather armour; a ration
f - 2 rations (gained 1)
Casting: Magic Dart
Confirm with . or Enter, or press ? or * to list all spells.
Aiming: Magic Dart
Press: ? - help, Shift-Dir - straight line, f - rat
Aim: a rat You miscast Magic Dart.
You are very lightly contaminated with residual magic.
Nothing appears to happen.
You hit the rat but do no damage. The rat barely misses you.
You barely miss the rat. You bite the rat, but do no damage. The rat bites you.
* * * LOW HITPOINT WARNING * * *
The rat bites you.
* * * LOW HITPOINT WARNING * * *
You closely miss the rat. The rat closely misses you.
You hit the rat. Your bite misses the rat.
The rat is moderately wounded.
The rat bites you.
* * * LOW HITPOINT WARNING * * *
You barely miss the rat.
The rat is moderately wounded.
The rat bites you but does no damage.
Casting: Magic Dart
Confirm with . or Enter, or press ? or * to list all spells.
Aiming: Magic Dart
Press: ? - help, Shift-Dir - straight line, f/p - rat
Aim: a rat (moderately wounded)
The magic dart hits the rat.
You kill the rat!
Found a stone staircase leading down.
You see here a hand axe.
There is a stone staircase leading down here.
You climb downwards.
There is a stone staircase leading up here.
You climb upwards.
There is a stone staircase leading down here.
You see here a hand axe.
A rat comes into view.
Your magical contamination has completely faded away.
You hit the rat.
You kill the rat!
A goblin comes into view.
Casting: Magic Dart
Confirm with . or Enter, or press ? or * to list all spells.
Aiming: Magic Dart
Press: ? - help, Shift-Dir - straight line, f - goblin
Aim: a goblin The magic dart hits the goblin.
The goblin is heavily wounded.
Casting: Magic Dart
Confirm with . or Enter, or press ? or * to list all spells.
Aiming: Magic Dart
Press: ? - help, Shift-Dir - straight line, f/p - goblin
Aim: a goblin (heavily wounded)
The magic dart hits the goblin.
You kill the goblin!
Found 23 arrows and 17 stones.
A worm comes into view.
You see here 23 arrows.
You barely miss the worm.
Found a ration, a scroll labeled BOETEI OCIMP and 9 gold pieces.
A goblin comes into view.
The goblin shouts!
You hear a shout! x2
A hobgoblin comes into view. It is wielding a club.
A goblin comes into view.
You see here a ration.
f - 3 rations (gained 1) Are you sure you want to abandon this character and quit the game? (Confirm with "yes".)

∆ .# ∆..# ∆
.... #..# . ∆
###..# ♣.♣
#..(.# ♣♣ .g
#..# ∆ #.##.#
♣♣.♣g♣ #..#∆
∆#(##.##♣♣.g.♣
#..#
#.....#♣.@♣
#..#
###..w.#♣.♣♣
#..#
#......w..♣
#..#
#####.##♣♣♣
...# ####.##
#<# #.....#
#.# #.....#
#.#.###.....#
#.#.........#


You could see a worm, a hobgoblin and 2 goblins.

Vanquished Creatures
  A leopard gecko (D:1)
  3 goblins
  A hobgoblin (D:1)
  4 jackals (D:1)
  2 bats
  4 rats
15 creatures vanquished.

Notes
Turn   | Place    | Note
-------+----------+-------------------------------------------
     0 | D:1      | tidbits the Gnoll Wanderer began the quest for the Orb.
     0 | D:1      | tidbits set off with: a book of Minor Magic, a scroll of teleportation, a potion of curing, a +0 robe, a +0 club, a ration
     0 | D:1      | Reached XP level 1. HP: 13/13 MP: 8/8
     2 | D:1      | Learned a level 1 spell: Magic Dart
   122 | D:1      | Reached skill level 2 in Necromancy
   168 | D:1      | Reached XP level 2. HP: 18/19 MP: 3/10
   172 | D:1      | Learned a level 2 spell: Blink
   175 | D:1      | Learned a level 2 spell: Call Imp
   274 | D:2      | Quit the game

Vault maps used:
D:1:      minmay_arrival_checkered_box, kennysheep_flooded_box,
          minmay_stone_trees_medium
D:2:      kb_forest_paths, lemuel_coloured_pillars_altar, first_ration,
          grunt_gozag_breadcrumbs
D:3:      lemuel_crystal_altar

Skill      XL: |  1 |
---------------+----+-----
Necromancy     | 2 |  2.0
Fighting       | |  0.5
Short Blades   | |  0.5
Long Blades    | |  0.5
Axes           | |  0.5
Maces & Flails | |  0.5
Polearms       | |  0.5
Staves         | |  0.5
Slings         | |  0.5
Bows           | |  0.5
Crossbows      | |  0.5
Throwing       | |  0.5
Armour         | |  0.5
Dodging        | |  0.5
Stealth        | |  0.5
Shields        | |  2.5
Unarmed Combat | |  0.5
Spellcasting   | |  7.1
Conjurations   | |  3.7
Hexes          | |  0.3
Charms         | |  0.3
Summonings     | |  0.3
Translocations | |  0.3
Transmutations | |  3.7
Fire Magic     | |  0.3
Ice Magic      | |  0.3
Air Magic      | |  0.3
Earth Magic    | |  0.3
Poison Magic   | |  0.3
Invocations    | |  0.6
Evocations     | |  2.5

Action                   || total
-------------------------++-------
Melee: Club              ||    22
       Bite              ||     1
 Cast: Magic Dart        ||    25
Armor: Robe              ||     7
Dodge: Dodged            ||    25

Table legend:
 A = Spawn XP
 B = Non-spawn XP
 C = Spawn XP percentage of total XP
 D = Spawn monster count
 E = Non-spawn monster count
 F = Spawn count percentage of total count
 G = Total turns spent on level
                    A         B        C        D         E        F      G
               +---------+---------+-------+---------+---------+-------+---------
         Total |       0 |      26 |   0.0 |       0 |      15 |   0.0 |   274
               +---------+---------+-------+---------+---------+-------+---------
           D:1 |       0 |      20 |   0.0 |       0 |      11 |   0.0 |   210
           D:2 |       0 |       6 |   0.0 |       0 |       4 |   0.0 |    62
               +---------+---------+-------+---------+---------+-------+---------

Table legend:
 A = Turns spent in this place as a percentage of turns spent in the entire game.
 B = Non-inter-level travel turns spent in this place as a percentage of non-inter-level travel turns spent in the entire game.
 C = Inter-level travel turns spent in this place as a percentage of turns spent in this place.
 D = Turns resting spent in this place as a percentage of non-inter-level travel turns spent in this place.
 E = Turns spent auto-exploring this place as a percentage of non-inter-level travel turns spent in this place.
 F = Non-inter-level travel turns spent in this place divided by the number of levels of this place that you've seen.
                   A       B       C       D       E      F
               +-------+-------+-------+-------+-------+----------------------
         Total | 100.0 | 100.0 |   0.0 |   0.0 |   0.0 |  91.3
       Dungeon | 100.0 | 100.0 |   0.0 |   0.0 |   0.0 |  91.3
               +-------+-------+-------+-------+-------+----------------------

Table legend:
 A = Kills in this place as a percentage of kills in entire the game.
 B = Kills by you in this place as a percentage of kills by you in the entire game.
 C = Kills by friends in this place as a percentage of kills by friends in the entire game.
 D = Other kills in this place as a percentage of other kills in the entire game.
 E = Experience gained in this place as a percentage of experience gained in the entire game.
 F = Experience gained in this place divided by the number of levels of this place that you have seen.
                   A       B       C       D       E      F
               +-------+-------+-------+-------+-------+----------------------
         Total | 100.0 | 100.0 |   N/A |   N/A | 100.0 |   8.7
       Dungeon | 100.0 | 100.0 |   N/A |   N/A | 100.0 |   8.7
               +-------+-------+-------+-------+-------+----------------------

Vault maps used:
D:1:      minmay_arrival_checkered_box, kennysheep_flooded_box,
          minmay_stone_trees_medium
D:2:      kb_forest_paths, lemuel_coloured_pillars_altar, first_ration,
          grunt_gozag_breadcrumbs
D:3:      lemuel_crystal_altar
